Map: Pylon LE

Players

tgstr - Winner!

  • Race: Zerg Zerg
  • League: Platinum
  • Spawn Location: 11:00

ManlyManMeat

  • Race: Protoss Protoss
  • League: Master
  • Spawn Location: 5:00

VOD

Have the link to the VOD?

Description

Time

  • Played on: June 13, 2025, 4:08 p.m.
  • Length: 15:48
Show
View Real Time Build Order
Export as new Build Order

tgstr Zerg - Winner!

Build Orders: Hatch First 

Get SALT Encoding   

  12  0:00  Drone  
  13  0:08  Drone  
  14  0:17  Overlord  
  14  0:26  Extractor, Drone  
  15  0:35  Drone x2  
  17  0:51  Hatchery  
  17  0:55  Drone  
  17  1:09  Spawning Pool  
  16  1:14  Drone  
  17  1:26  Drone  
  17  1:28  Overlord  
  18  1:36  Drone  
  19  1:49  Drone x2  
  21  1:56  Queen  
  23  2:03  Queen  
  23  2:04  Zergling x2  
  23  2:05  Zergling x2  
  27  2:21  Extractor  
  26  2:23  Drone x3  
  29  2:38  Hatchery  
  28  2:44  Drone x2  
  28  2:46  Overlord  
  30  2:52  Drone x2  
  30  2:53  Drone  
  33  3:04  Drone  
  34  3:07  Queen  
  34  3:09  Drone  
  34  3:10  Drone x2  
  39  3:26  Extractor, Drone x2  
  39  3:27  Drone  
  41  3:28  Drone  
  42  3:37  Zergling x6  
  44  3:42  Spine Crawler  
  42  3:50  Spine Crawler  
  39  3:57  Metabolic Boost  
  39  4:05  Drone x4  
  43  4:11  Drone  
  43  4:12  Queen, Drone  
  47  4:29  Drone  
  48  4:38  Drone  
  48  4:39  Drone  
  48  4:43  Overlord x2  
  50  4:46  Roach Warren  
  50  4:50  Queen  
  50  4:57  Zergling x2  
  50  5:04  Zergling x10  
  53  5:38  Lair  
  53  5:39  Evolution Chamber  
  53  5:40  Evolution Chamber, Roach  
  53  5:41  Roach x5  
  63  5:51  Drone x3  
  63  5:53  Overlord x2  
  66  6:08  Zerg Missile Weapons Level 1, Zerg Ground Armor Level 1  
  66  6:20  Drone x2  
  66  6:21  Roach  
  66  6:22  Roach x5  
  66  6:25  Drone x2  
  82  6:27  Overlord  
  82  6:36  Overlord x2  
  82  6:37  Overlord  
  82  6:39  Glial Reconstitution  
  82  7:00  Hatchery  
  81  7:02  Hydralisk Den  
  81  7:05  Extractor, Drone  
  81  7:06  Drone x2  
  81  7:07  Extractor, Drone x3  
  84  7:14  Drone x6  
  83  7:33  Roach x7  
  97  7:38  Grooved Spines  
  97  7:40  Drone x2  
  97  7:43  Ravager x2  
  101  7:50  Extractor, Drone x5  
  105  7:51  Extractor  
  104  8:03  Hydralisk x5  
  114  8:10  Hatchery  
  113  8:19  Drone  
  114  8:21  Overlord  
  114  8:22  Overlord x2  
  114  8:26  Zerg Missile Weapons Level 2  
  114  8:32  Zerg Ground Armor Level 2  
  114  8:34  Overlord x2  
  114  8:35  Overlord  
  114  8:52  Drone x4  
  114  8:53  Drone x2  
  120  8:56  Hatchery  
  119  9:07  Hydralisk x3  
  119  9:08  Roach x4  
  133  9:21  Hatchery  
  132  9:31  Infestation Pit  
  132  9:33  Hydralisk x4  
  132  9:34  Roach x5  
  147  9:44  Ravager  
  147  9:45  Ravager x6  
  152  9:48  Zergling x2  
  152  9:49  Zergling x10  
  158  10:11  Hydralisk x2  
  158  10:12  Roach x2  
  166  10:14  Overlord x2  
  166  10:15  Overlord x3  
  166  10:26  Spore Crawler  
  166  10:27  Spore Crawler  
  166  10:28  Drone  
  165  10:31  Spore Crawler  
  163  10:38  Drone x2  
  163  10:39  Drone x4  
  163  10:40  Drone x4  
  172  10:49  Hive  
  172  10:51  Zerg Melee Weapons Level 1  
  172  10:53  Evolution Chamber  
  171  10:59  Baneling Nest  
  171  11:01  Drone  
  171  11:15  Roach x2  
  171  11:16  Zergling x4  
  171  11:17  Zergling x6  
  180  11:18  Hydralisk x2  
  180  11:19  Hydralisk x3, Roach x4  
  180  11:20  Roach  
  200  11:35  Hatchery  
  198  12:04  Hatchery  
  164  12:16  Spire  
  164  12:18  Roach x11  
  164  12:19  Roach x10  
  153  12:58  Hydralisk x14  
  143  12:59  Hydralisk x6  
  159  13:32  Hydralisk x3  
  159  13:33  Hydralisk x6, Roach x5  
  159  13:34  Roach x4  
  189  13:42  Queen  
  189  13:48  Greater Spire  
  189  13:51  Drone  
  189  13:52  Drone x7  
  189  13:53  Drone x2  
  199  13:56  Extractor  
  199  13:57  Extractor  
  199  14:01  Centrifugal Hooks  
  189  14:27  Hydralisk x3, Roach x2  
  189  14:28  Roach x3  
  183  14:54  Corruptor x6  
Show
View Real Time Build Order
Export as new Build Order

ManlyManMeat Protoss 

Build Orders: 1 Gate Expand 

Get SALT Encoding   

  12  0:00  Probe  
  13  0:12  Probe  
  14  0:20  Pylon  
  14  0:26  Probe  
  15  0:34  Probe  
  15  0:41  Gateway  
  16  1:00  Gateway  
  16  1:09  Probe  
  16  1:17  Probe  
  18  1:30  Nexus  
  18  1:34  Assimilator  
  18  1:50  Cybernetics Core  
  18  1:51  Probe  
  19  2:03  Pylon  
  19  2:09  Probe  
  19  2:15  Stalker  
  20  2:21  Probe  
  23  2:31  Stalker  
  25  2:38  Assimilator  
  25  2:39  Probe  
  26  2:48  Warp Gate  
  26  2:54  Probe  
  26  2:55  Probe  
  28  3:07  Stalker  
  28  3:13  Probe x2  
  28  3:15  Stalker  
  34  3:25  Probe x2  
  36  3:36  Stalker  
  36  3:37  Probe  
  36  3:38  Probe  
  40  3:50  Probe x2  
  42  3:56  Stalker  
  44  4:06  Zealot, Twilight Council  
  46  4:14  Assimilator  
  46  4:15  Assimilator  
  46  4:26  Pylon  
  46  4:28  Pylon  
  46  4:31  Shield Battery  
  46  4:44  Probe x2  
  46  4:45  Pylon  
  48  4:56  Probe x2  
  50  5:11  Stalker x2  
  50  5:12  Probe x2  
  56  5:19  Blink  
  56  5:24  Probe x2  
  56  5:36  Probe x2  
  56  5:39  Zealot  
  56  5:40  Zealot  
  62  5:48  Probe  
  63  5:50  Pylon  
  63  5:55  Pylon  
  63  6:20  Stalker x2  
  63  6:25  Stargate  
  67  6:27  Robotics Facility  
  67  6:30  Gateway  
  67  6:31  Gateway  
  67  6:32  Gateway  
  67  6:33  Gateway  
  67  6:36  Gateway  
  67  6:38  Gateway  
  67  6:40  Gateway  
  67  6:41  Probe x2  
  67  6:42  Gateway  
  67  6:44  Gateway  
  69  6:47  Pylon  
  69  6:48  Stalker x2  
  69  6:49  Pylon  
  73  7:13  Probe x2  
  73  7:15  Nexus  
  75  7:17  Stalker, Pylon  
  75  7:18  Stalker  
  75  7:20  Pylon  
  75  7:22  Assimilator  
  79  7:26  Assimilator  
  77  7:35  Probe x2  
  77  7:40  Shield Battery  
  77  7:46  Forge  
  77  7:47  Forge, Probe x2  
  77  7:50  Forge  
  79  7:59  Probe  
  79  8:00  Observer, Probe  
  82  8:19  Probe x2  
  84  8:22  Protoss Shields Level 1, Protoss Ground Weapons Level 1  
  84  8:24  Photon Cannon  
  84  8:25  Pylon  
  84  8:26  Photon Cannon, Pylon  
  84  8:28  Pylon, Probe  
  84  8:29  Photon Cannon  
  84  8:30  Protoss Ground Armor Level 1  
  84  8:31  Probe x2  
  87  8:38  Twilight Council  
  87  8:41  Robotics Bay  
  87  8:48  Probe x2  
  89  9:02  Sentry  
  91  9:03  Sentry  
  93  9:12  Charge, Templar Archives  
  93  9:16  Probe x3  
  96  9:19  Zealot x4  
  96  9:20  Zealot x5  
  113  9:33  Observer  
  111  9:45  Zealot x3  
  111  9:46  Zealot x7  
  131  9:57  Protoss Shields Level 2  
  131  10:16  Protoss Ground Weapons Level 2  
  131  10:31  Zealot x8  
  131  10:33  Colossus  
  153  10:41  Gateway  
  151  10:59  Extended Thermal Lance  
  151  11:05  Protoss Ground Armor Level 2  
  151  11:18  Pylon  
  151  11:19  High Templar x3  
  151  11:22  Pylon  
  151  11:23  Nexus  
  151  11:24  Pylon  
  151  11:25  Pylon  
  157  11:27  Assimilator  
  157  11:31  Assimilator  
  157  11:36  Colossus  
  163  11:45  High Templar x4  
  171  11:47  Zealot x2  
  171  11:48  Zealot x2  
  171  11:49  Archon  
  171  11:50  Archon x2  
  161  12:14  Zealot x3  
  161  12:15  Zealot x4  
  141  12:21  Zealot x4  
  115  12:29  Warp Prism  
  70  12:46  Zealot x4  
  70  12:47  Zealot x3  
  84  12:54  Zealot x2  
  70  13:03  High Templar x2  
  70  13:05  Warp Prism  
  61  13:08  Archon  
  62  13:17  Zealot x4  
  62  13:18  Zealot x3  
  64  13:32  Pylon  
  58  13:35  Pylon  
  58  13:39  Zealot x5  
  58  13:40  Zealot x4  
  58  13:41  Disruptor  
  78  14:07  Pylon  
  78  14:11  Templar Archives  
  78  14:14  Zealot x7  
  78  14:15  Zealot x3  
  78  14:16  Disruptor  
  76  14:40  Zealot x10  
  90  14:51  Pylon  
  76  14:53  Pylon  
  42  15:08  Zealot x5  
  42  15:09  Zealot  
  42  15:24  Zealot x2  
  46  15:33  Zealot  
Tags
 
Add a new tag
Caveats
  • Supply blocks, unpowered buildings, or Contaminate may cause inaccurate times.
  • Supply counts are checked every 10 seconds.